AoeStats
← khiemkocodua

Lombardia

507918040Analyzed
4v4 RM · 11d ago on Sep 20, 2026· 65m 15s· 8 players
Game mode
Random Map
Map size
Large (8 player)
Population
200
Speed
Normal
Resources
Standard
Victory
Conquest
Starting age
Dark Age
Ending age
Imperial Age
RankedLock teamsTeams togetherTeam positionsShared explorationLock speedFull tech treeHidden civsTurbo modeCheats
Victory
Defeat
🇻🇳 Teutons · Vietnam
1103
+14
🇻🇳 Slavs · Vietnam
1097
+15
🇫🇷 Celts · France
1091
+15
🇨🇳 Sicilians · China
1048
+16
🇻🇳 Khmer · Vietnam
1113
-17
🇦🇺 Franks · Australia
1081
-16
🇨🇳 Persians · China
1039
-14
🇨🇳 Magyars · China
1025
-13
小神仙
10:00 Feudal Age
10:37 Double-Bit Axe
14:56 Castle Age
25:48 Wheelbarrow
28:21 Gold Mining
28:12 Horse Collar
28:48 Bow Saw
28:41 Corvinian Army
31:14 Fletching
34:30 Imperial Age
33:49 Heavy Plow
34:45 Gold Shaft Mining
35:19 Hand Cart
34:56 Stone Mining
35:14 Thumb Ring
35:09 Bodkin Arrow
35:15 Padded Archer Armor
36:17 Chemistry
35:58 Parthian Tactics
36:38 Conscription
37:36 Two-Man Saw
37:12 Elite Magyar Huszar
37:37 Heavy Cavalry Archer
38:49 Ballistics
38:25 Murder Holes
38:10 Treadmill Crane
38:42 Siege Engineers
38:50 Husbandry
39:00 Bloodlines
40:35 Bracer
40:51 Leather Archer Armor
40:44 Recurve Bow
43:47 Caravan
45:07 Ring Archer Armor
44:43 Scale Barding Armor
45:54 Pikeman
46:47 Light Cavalry
47:38 Halberdier
49:02 Scale Mail Armor
49:23 Chain Barding Armor
49:36 Hussar
51:10 Crop Rotation
50:28 Town Watch
54:10 Capped Ram
quocdaicd15s1
11:30 Feudal Age
14:36 Castle Age
13:21 Stone Mining
13:19 Double-Bit Axe
14:07 Horse Collar
25:34 Husbandry
26:17 Bloodlines
26:35 Heavy Plow
26:24 Loom
27:34 Bow Saw
27:18 Gold Mining
29:03 Forging
29:10 Scale Barding Armor
29:36 Scale Mail Armor
31:12 Iron Casting
31:28 Chain Barding Armor
31:19 Caravan
32:25 Wheelbarrow
35:22 Imperial Age
34:08 Gold Shaft Mining
35:07 Ballistics
35:44 Padded Archer Armor
35:59 Chain Mail Armor
37:03 Chemistry
37:10 Blast Furnace
36:26 Chain Mail Armor
36:46 Plate Barding Armor
36:30 Hand Cart
37:08 Coinage
38:11 Crop Rotation
37:21 Elite Battle Elephant
37:39 Pikeman
38:05 Arson
39:14 Halberdier
40:31 Town Watch
40:53 Tusk Swords
41:27 Fletching
43:37 Bodkin Arrow
43:42 Padded Archer Armor
44:49 Town Patrol
51:25 Elite Ballista Elephant
56:54 Leather Archer Armor
56:23 Light Cavalry
57:22 Bracer
59:14 Double Crossbow
59:52 Double Crossbow
59:58 Hussar
62:27 Ring Archer Armor
3013360230
11:49 Feudal Age
22:13 Castle Age
21:12 Horse Collar
21:18 Double-Bit Axe
25:42 Heavy Plow
32:44 Imperial Age
30:15 Gold Mining
30:50 Forging
30:47 Scale Barding Armor
33:08 Iron Casting
32:54 Chain Barding Armor
33:52 Crop Rotation
35:14 Gold Shaft Mining
35:53 Bow Saw
38:47 Two-Man Saw
40:03 Conscription
40:48 Blast Furnace
40:23 Plate Barding Armor
40:35 Wheelbarrow
40:55 Stone Mining
42:09 Husbandry
42:24 Bloodlines
41:39 Heavy Camel Rider
42:29 Cavalier
43:33 Savar
45:07 Caravan
54:29 Elite War Elephant
Andy_Sai Gon
7:22 Loom
11:36 Feudal Age
15:34 Castle Age
19:12 Double-Bit Axe
20:28 Gold Mining
25:23 Wheelbarrow
27:31 Husbandry
30:52 Imperial Age
29:32 Forging
29:29 Scale Barding Armor
30:09 Gold Shaft Mining
29:26 Stone Mining
30:16 Hand Cart
30:35 Light Cavalry
31:53 Iron Casting
31:41 Cavalier
33:52 Blast Furnace
35:07 Chemistry
34:47 Paladin
37:56 Chain Barding Armor
39:44 Padded Archer Armor
40:21 Plate Barding Armor
khiemkocodua
5:49 Loom
6:43 Loom
9:52 Feudal Age
17:13 Scale Mail Armor
17:21 Scale Barding Armor
21:42 Castle Age
20:38 Double-Bit Axe
20:39 Horse Collar
22:53 Wheelbarrow
22:47 Bow Saw
24:04 Hand Cart
25:38 Hand Cart
27:15 Heavy Plow
27:22 Stone Mining
27:24 Gold Mining
28:48 Stone Shaft Mining
29:10 Town Watch
30:15 Town Patrol
33:39 Imperial Age
32:31 Chain Barding Armor
32:12 Scale Mail Armor
32:22 Forging
34:07 Chain Mail Armor
34:23 Masonry
34:25 Fortified Wall
34:10 Guard Tower
33:48 Pikeman
34:28 Squires
34:13 Arson
34:14 Gambesons
35:32 Iron Casting
35:38 Halberdier
36:52 Plate Mail Armor
39:03 Blast Furnace
41:57 Chemistry
41:03 Padded Archer Armor
40:53 Fletching
42:07 Crop Rotation
41:35 Elite Skirmisher
41:35 Crossbowman
43:19 Leather Archer Armor
42:59 Bodkin Arrow
45:57 Ring Archer Armor
52:01 Siege Engineers
51:42 Arrowslits
Yuamikami
1:35 Loom
10:47 Feudal Age
12:16 Double-Bit Axe
12:36 Gold Mining
14:11 Horse Collar
20:16 Castle Age
19:31 Stone Mining
21:33 Bow Saw
26:13 Caravan
28:51 Wheelbarrow
28:01 Town Watch
28:43 Fletching
28:54 Padded Archer Armor
29:34 Heavy Plow
30:04 Hand Cart
31:26 Gambesons
31:42 Squires
31:27 Arson
31:03 Pikeman
32:42 Town Patrol
33:55 First Crusade
37:10 Imperial Age
36:14 Masonry
36:26 Ballistics
36:01 Murder Holes
36:28 Husbandry
36:38 Bloodlines
35:49 Light Cavalry
37:11 Forging
37:02 Scale Mail Armor
37:17 Leather Archer Armor
36:58 Bodkin Arrow
37:54 Cavalier
39:11 Crop Rotation
39:41 Hauberk
39:56 Conscription
41:20 Hoardings
40:17 Halberdier
42:00 Chemistry
40:46 Arrowslits
42:32 Elite Serjeant
44:26 Bracer
45:01 Iron Casting
44:42 Chain Mail Armor
44:33 Scale Barding Armor
47:40 Blast Furnace
49:51 Chain Barding Armor
50:01 Plate Mail Armor
50:13 Sappers
51:31 Plate Barding Armor
52:22 Stone Shaft Mining
52:24 Gold Shaft Mining
54:29 Guilds
54:49 Coinage
tranducnhan15
9:28 Loom
11:54 Feudal Age
19:00 Castle Age
17:27 Double-Bit Axe
17:34 Gold Mining
17:51 Horse Collar
18:47 Stone Mining
21:32 Bow Saw
21:24 Heavy Plow
24:03 Wheelbarrow
25:37 Gold Shaft Mining
26:12 Hand Cart
30:53 Imperial Age
31:00 Imperial Age
29:12 Detinets
29:42 Forging
30:25 Scale Mail Armor
30:32 Scale Barding Armor
31:53 Iron Casting
32:47 Chain Barding Armor
34:32 Blast Furnace
33:53 Husbandry
34:27 Elite Boyar
35:46 Plate Barding Armor
35:36 Bloodlines
36:19 Caravan
36:56 Druzhina
40:22 Chemistry
41:20 Fletching
41:29 Murder Holes
45:07 Conscription
50:51 Bodkin Arrow
50:30 Elite Skirmisher
50:47 Pikeman
51:32 Squires
51:30 Halberdier
52:19 Scale Mail Armor
53:14 Chain Mail Armor
54:38 Plate Mail Armor
54:53 Padded Archer Armor
56:11 Two-Man Saw
57:45 Leather Archer Armor
59:24 Ring Archer Armor
Nycky la brute
12:23 Feudal Age
13:11 Double-Bit Axe
16:49 Castle Age
15:16 Horse Collar
18:52 Wheelbarrow
19:10 Caravan
23:04 Bow Saw
25:33 Hand Cart
25:32 Forging
25:23 Scale Mail Armor
27:58 Chain Mail Armor
29:40 Pikeman
30:59 Iron Casting
30:15 Fletching
30:25 Padded Archer Armor
34:54 Imperial Age
32:13 Loom
35:08 Ballistics
34:59 Fortified Wall
34:54 Caravan
35:21 Halberdier
35:29 Heavy Scorpion
37:04 Conscription
36:23 Capped Ram
38:28 Leather Archer Armor
39:14 Blast Furnace
38:44 Plate Mail Armor
37:51 Siege Ram
40:05 Furor Celtica
40:38 Stone Mining
40:38 Gold Mining
53:49 Bodkin Arrow
54:24 Ring Archer Armor
53:59 Scale Barding Armor
53:34 Cavalier
54:14 Husbandry
54:41 Paladin
59:24 Town Watch
60:31 Town Patrol
61:57 Chain Barding Armor
Connection lost

Rejoining the realm…

Still unreachable

The connection could not be restored.

Session expired

The server has moved on; the page needs a fresh start.